 Dungeon Crawl Stone Soup version 0.32-a0-791-gfc315c9ecd (webtiles) character file.

Game seed: 424206408128327582

18 jestert79 the Caller (level 2, -1/20 HPs)
             Began as a Draconian Summoner on Mar 20, 2024.
             Was a Follower of Wu Jian.
             Slain by an adder (3 damage)
             ... on level 2 of the Dungeon.
             The game lasted 00:02:44 (682 turns).

jestert79 the Caller (Draconian Summoner)            Turns: 682, Time: 00:02:45

Health: -1/20      AC:  4    Str: 10    XL:     2   Next: 48%
Magic:  2/5        EV:  1    Int: 15    God:    Wu Jian [*.....]
Gold:   17         SH:  0    Dex: 11    Spells: 2/5 levels left

rFire   . . .        (no weapon)
rCold   . . .        (no shield)
rNeg    . . .        (body armour unavailable)
rPois   .            (helmet restricted)
rElec   .            (no cloak)
rCorr   .            (no gloves)
SInv    .            (no boots)
Will    .....        (no amulet)
Stlth   ++           (no ring)
HPRegen 0.23/turn    (no ring)
MPRegen 0.09/turn

%: no passive effects
@: constricted
A: AC +4, unfitting armour, cold-blooded
a: Renounce Religion


You were on level 2 of the Dungeon.
You worshipped Wu Jian.
Wu Jian was aware of your devotion.
You visited 1 branch of the dungeon, and saw 2 of its levels.

You collected 17 gold pieces.

Inventory:

Missiles
 f - 6 poisoned darts
Jewellery
 g - an amulet of reflection
Scrolls
 e - 2 scrolls of identify {unknown}
Potions
 a - a potion of magic
 b - a potion of lignification {unknown}
 c - 2 potions of curing {unknown}
 d - a potion of heal wounds {unknown}
 h - a potion of haste {unknown}


   Skills:
 - Level 1.7 Dodging
 - Level 1.7 Stealth
 * Level 0.8 Unarmed Combat
 - Level 2.0 Spellcasting
 + Level 4.5 Summonings


You had 2 spell levels left.
You knew the following spells:

 Your Spells              Type           Power      Damage    Failure   Level
a - Summon Small Mammal   Summ           60%        N/A       3%          1
b - Call Imp              Summ           30%        N/A       5%          2

Your spell library contained the following spells:

 Spells                   Type           Power      Damage    Failure   Level
 Call Canine Familiar     Summ           15%        N/A       11%         3
 Summon Blazeheart Golem  Fire/Summ      8%         N/A       65%         4
 Summon Lightning Spire   Summ/Air       8%         N/A       65%         4


Dungeon Overview and Level Annotations

Branches:
Dungeon (2/15)

Altars:
Wu Jian


Innate Abilities, Weirdness & Mutations

Your plain brown scales are hard. (AC +4)
You cannot fit into any form of body armour.
You are cold-blooded and may be slowed by cold attacks.


Message History

The adder bites you but does no damage.
Your cerulean imp misses the adder.
Your rat bites the adder but does no damage.
You barely miss the adder.
The adder is lightly wounded.
The adder bites you.
Your cerulean imp barely misses the adder.
The ball python closely misses you. The ball python grabs you.
The ball python constricts you. The adder bites you but does no damage.
Your rat bites the adder but does no damage.
Unknown command.
You closely miss the adder.
The adder is lightly wounded.
Your cerulean imp hits the adder from afar with a -3 spear.
The ball python bites you but does no damage.
The ball python constricts you. The adder bites you.
Your rat bites the adder but does no damage.
You hit the adder.
The adder is heavily wounded.
The ball python bites you but does no damage.
The ball python constricts you. The adder bites you.
Your cerulean imp hits the adder but does no damage.
Your rat bites the adder.
Unknown command.
You closely miss the adder.
Your tail-slap misses the adder.
The adder is heavily wounded.
The adder bites you but does no damage. The ball python bites you.
The ball python constricts you.
* * * LOW HITPOINT WARNING * * *
Your cerulean imp closely misses the adder.
The ball python bites you.
* * * LOW HITPOINT WARNING * * *
The ball python constricts you. The adder bites you but does no damage.
Your rat bites the adder.
Unknown command.
Unknown command.
You closely miss the adder.
The adder is severely wounded.
Your cerulean imp hits the adder but does no damage.
The adder bites you.
You die...

.. ..##
.#..#
#....#
#.....#
....[..
#....S##
#S@#
##r#
#5...#
.r.#...#
..###
#... #.#
## #. #.
#


You could see an adder (ally target), a ball python, a friendly cerulean imp
(summoned), a friendly quokka (summoned) and a friendly rat (summoned).

Vanquished Creatures
  3 ball pythons (D:1)
  A giant cockroach (D:1)
  2 goblins (D:1)
  2 hobgoblins (D:1)
  A quokka (D:1)
  2 bats (D:1)
  A frilled lizard (D:1)
  2 rats (D:1)
14 creatures vanquished.

Vanquished Creatures (collateral kills)
  A bat (D:1)
  A giant cockroach (D:1)
  A rat (D:1)
3 creatures vanquished.

Grand Total: 17 creatures vanquished

Notes
Turn   | Place    | Note
-------+----------+-------------------------------------------
     0 | D:1      | jestert79 the Draconian Summoner began the quest for the
                  | Orb.
     0 | D:1      | Reached XP level 1. HP: 14/14 MP: 3/3
   176 | D:1      | Found a faded altar of an unknown god.
   192 | D:1      | Prayed at the altar of an unknown god.
   192 | D:1      | Became a worshipper of the Wu Jian Council
   192 | D:1      | Reached * piety under Wu Jian
   220 | D:1      | Reached XP level 2. HP: 16/20 MP: 5/5
   223 | D:1      | Learned a level 2 spell: Call Imp
   682 | D:2      | Slain by an adder

Illustrated notes

Levels and vault maps discovered:
D:1:      zaba_arrival_water, layout_rooms,
          dreamdust_ecumenical_altar_angels_and_demons, grunt_decor_clamped,
          item_on_display_a
D:2:      layout_rooms, serial_shops, nicolae_shop_overgrown_old_shop,
          minmay_misc_feat_chi

Action                     || total
---------------------------++-------
  Melee: Unarmed           ||    88
         Tailslap          ||    10
   Cast: Summon Small Mamm ||     7
         Call Imp          ||     1
Ability: Lunge             ||     3
 Armour: Skin              ||    70
  Dodge: Dodged            ||    52

Table legend: (Time is in decaauts)
 A = Elapsed time spent in this place.
 B = Non-inter-level travel time spent in this place.
 C = Inter-level travel time spent in this place.
 D = Time resting spent in this place.
 E = Time spent auto-exploring this place.
 F = Levels seen in this place.
 G = Mean time per level.
                   A        B        C        D        E       F      G
               +--------+--------+--------+--------+--------+-----+--------+
         Total |    688 |    668 |     20 |     10 |    442 |   2 |  344.0 |
       Dungeon |    688 |    668 |     20 |     10 |    442 |   2 |  344.0 |
               +--------+--------+--------+--------+--------+-----+--------+

Top non-repeatable levels by time:
     D:1: 677 daAuts
     D:2: 10 daAuts
